 Dungeon Crawl Stone Soup version 0.31.0 (webtiles) character file.

Game seed: 14176991744330737482

71 qw the Shooter (level 4, -4/28 HPs)
             Began as a Gargoyle Hunter on Jan 19, 2024.
             Slain by a gnoll
             ... wielding a +0 spear
              (7 damage)
             ... on level 2 of the Dungeon.
             The game lasted 00:00:03 (655 turns).

qw the Shooter (Gargoyle Hunter)                     Turns: 655, Time: 00:00:03

Health: -4/28      AC:  6    Str: 14    XL:     4   Next: 24%
Magic:  4/4        EV: 11    Int: 10    God:
Gold:   103        SH:  0    Dex: 15    Spells: 3/3 levels left

rFire   . . .        a - +1 shortbow
rCold   . . .        (shield currently unavailable)
rNeg    + . .        c - +0 leather armour
rPois   inf          (no helmet)
rElec   +            (no cloak)
rCorr   .            (no gloves)
SInv    .            (no boots)
Will    .....        e - amulet of faith
Stlth   ++           (no ring)
HPRegen 0.24/turn    (no ring)
MPRegen 0.09/turn

%: faith
@: no status effects
A: sickness immunity, AC +3, negative energy resistance 1, electricity
resistance, torment resistance 1, petrification resistance
a: no special abilities


You were on level 2 of the Dungeon.
You visited 1 branch of the dungeon, and saw 2 of its levels.

You collected 103 gold pieces.


Innate Abilities, Weirdness & Mutations

You are immune to sickness and miasma.
Your stone body is resilient. (AC +3)
You are immune to poison.
You resist negative energy. (rN+)
You are resistant to electric shocks. (rElec)
You are resistant to unholy torment.
You are immune to petrification.


   Skills:
 - Level 3.0 Fighting
 + Level 5.3 Ranged Weapons
 - Level 1.5 Dodging
 - Level 1.1 Stealth


You had 3 spell levels left.
You didn't know any spells.
Your spell library was empty.

Inventory:

Hand Weapons
 a - a +1 shortbow (weapon)
Armour
 c - a +0 leather armour (worn)
Jewellery
 e - an amulet of faith (around neck)
Scrolls
 b - a scroll of immolation {unknown}
Potions
 d - a potion of haste {unknown}
 f - a potion of attraction {unknown}

Dungeon Overview and Level Annotations

Branches:
Dungeon (2/15)

Altars:


Message History

You shoot an arrow. The arrow closely misses the adder.
You shoot an arrow. The arrow hits the adder!
You kill the adder!
You have reached level 4!
You feel clever.
f - a red potion A gnoll comes into view.
It is wielding a +0 halberd.
You shoot an arrow. The arrow barely misses the gnoll.
You shoot an arrow. The arrow hits the gnoll.
The gnoll is lightly wounded.
A gnoll comes into view. It is wielding a +0 spear.
You shoot an arrow. The arrow hits the gnoll!
The gnoll is severely wounded.
You shoot an arrow. The arrow barely misses the gnoll.
A gnoll comes into view. It is wielding a +0 spear.
Enter note: You shoot an arrow.
The gnoll shouts!
The arrow hits the gnoll.
The gnoll is almost dead.
The gnoll hits you from afar with a +0 halberd!
You shoot an arrow. The arrow hits the gnoll.
You kill the gnoll!
A quokka comes into view.
An endoplasm comes into view.
The endoplasm moves out of view.
You shoot an arrow. The arrow hits the gnoll.
The gnoll is lightly wounded.
The gnoll hits you from afar with a +0 spear.
You shoot an arrow. The arrow hits the gnoll.
The gnoll is heavily wounded.
The gnoll hits you from afar with a +0 spear.
You shoot an arrow. The arrow barely misses the gnoll.
The arrow hits the quokka but does no damage.
The gnoll hits you but does no damage.
The gnoll hits you from afar with a +0 spear.
You shoot an arrow. The arrow barely misses the gnoll.
The gnoll hits you from afar with a +0 spear. x2
You shoot an arrow. The arrow hits the gnoll.
The gnoll is almost dead.
The gnoll hits you from afar with a +0 spear!
You die...

##~~~..~..~~...~ .....
#~~~..~..~..~..~
......#~~...~.}~..~..~
#J...#~~..~..~}.~...~
###.?..#~~..~..~..~..~~
#......##~...~~).~..~~~
....%.gg##.......~..~.#
#.....##........~~..#
#...%r@#.)..........#
##...%................
##.....#...............
##......................
#................#..#|!#
#.......................
#.......................
#..................##...
#..................# .##


You could see 2 gnolls, an endoplasm and a quokka.

Vanquished Creatures
  2 adders (D:2)
  A gnoll (D:2)
  A ribbon worm (D:2)
  2 dart slugs
  3 endoplasms (D:1)
  3 giant cockroaches
  4 goblins (D:1)
  3 hobgoblins (D:1)
  3 kobolds
  2 quokkas (D:2)
  2 ball pythons (D:1)
  2 bats (D:1)
  3 frilled lizards
  4 rats
35 creatures vanquished.

Notes
Turn   | Place    | Note
-------+----------+-------------------------------------------
     0 | D:1      | qw the Gargoyle Hunter began the quest for the Orb.
     0 | D:1      | Reached XP level 1. HP: 12/12 MP: 1/1
     0 | D:1      | 0 ||| qw: Version: 0.3-a-132-g3d54051
     0 | D:1      | 0 ||| qw: Game counter: 392
     0 | D:1      | 0 ||| qw: Melee chars always use a shield: true
     0 | D:1      | 0 ||| qw: God list: Okawaru
     0 | D:1      | 0 ||| qw: Allow faded altars: false
     0 | D:1      | 0 ||| qw: Do Orc after clearing Dungeon:15 true
     0 | D:1      | 0 ||| qw: Do second Lair branch before Depths: true
     0 | D:1      | 0 ||| qw: Lair rune preference: random
     0 | D:1      | 0 ||| qw: Goals: Normal
     0 | D:1      | 0 ||| PLANNING D:1-11
   112 | D:1      | Reached XP level 2. HP: 17/17 MP: 2/2
   370 | D:1      | Reached XP level 3. HP: 21/21 MP: 3/3
   406 | D:1      | Reached skill level 5 in Ranged Weapons
   529 | D:1      | 529 ||| UPGRADING to amulet of faith.
   534 | D:1      | 534 ||| READING 3 scrolls labelled BUDUMO GUAFAINUCA.
   534 | D:1      | 534 ||| IDENTIFYING viscous golden potion
   535 | D:1      | 535 ||| READING 2 scrolls of identify.
   535 | D:1      | 535 ||| IDENTIFYING 2 blue potions
   536 | D:1      | 536 ||| READING scroll of identify.
   536 | D:1      | 536 ||| IDENTIFYING scroll labelled FIUCOPRUOL
   537 | D:1      | 537 ||| READING scroll of enchant weapon.
   537 | D:1      | 537 ||| ENCHANTING +0 shortbow.
   538 | D:1      | 538 ||| DROPPING scroll of butterflies.
   539 | D:1      | 539 ||| DROPPING 2 potions of invisibility.
   597 | D:2      | HP: 5/22 [quokka (3)]
   598 | D:2      | 598 ||| DRINKING potion of heal wounds.
   606 | D:2      | Reached skill level 3 in Fighting
   636 | D:2      | Reached XP level 4. HP: 28/28 MP: 4/4
   653 | D:2      | HP: 6/28 [gnoll/+0 spear (6)]
   655 | D:2      | Slain by a gnoll

Levels and vault maps discovered:
D:1:      dpeg_arrival_ternary, layout_basic, item_on_display_a
D:2:      cheibrodos_helix_gallery, layout_rooms, chequers_serial_rivers_room_a

Skill      XL: |  1  2  3 |
---------------+----------+-----
Ranged Weapons | 5 |  5.3
Fighting       | 3 |  3.0
Dodging        | |  1.5
Stealth        | |  1.1

Action                     |  1- 3 |  4- 6 || total
---------------------------+-------+-------++-------
   Fire: Shortbow          |    97 |    11 ||   108
    Use: Scroll            |     4 |       ||     4
         Potion            |     1 |       ||     1
 Armour: Leather armour    |    44 |     8 ||    52
  Dodge: Dodged            |    35 |       ||    35

Table legend:
 A = Non-vault XP
 B = Vault XP
 C = Vault XP percentage of total XP
 D = Non-vault monster count
 E = Vault monster count
 F = Vault count percentage of total count
                 A         B        C        D         E       F
            +---------+---------+-------+---------+---------+-------
      Total |      87 |      15 |  14.7 |      33 |       2 |   5.7
            +---------+---------+-------+---------+---------+-------
        D:1 |      42 |       0 |   0.0 |      24 |       0 |   0.0
        D:2 |      45 |      15 |  25.0 |       9 |       2 |  18.2
            +---------+---------+-------+---------+---------+-------
